 Dungeon Crawl Stone Soup version 0.29.1-15-g9cfb28693d (webtiles) character file.

Game seed: 5945747669592913684

66 fleeber the Shooter (level 4, 0/35 HPs)
             Began as a Barachi Hunter on Mar 19, 2023.
             Slain by a goblin
             ... wielding a +0 club
             ... led by Robin
              (3 damage)
             ... on level 2 of the Dungeon.
             The game lasted 00:02:48 (1370 turns).

fleeber the Shooter (Barachi Hunter)                Turns: 1370, Time: 00:02:49

Health: 0/35       AC:  3    Str: 12    XL:     4   Next: 15%
Magic:  4/4        EV: 12    Int: 10    God:
Gold:   33         SH:  0    Dex: 17    Spells: 3/3 levels left

rFire   . . .      SeeInvis .   a - +0 shortbow
rCold   . . .      Faith    .   (shield currently unavailable)
rNeg    . . .      Spirit   .   c - +0 leather armour
rPois   .          Reflect  .   (no helmet)
rElec   .          Harm     .   (no cloak)
rCorr   .          Rampage  .   (no gloves)
Will    .....                   (no boots)
Stlth   ++........              (no amulet)
HPRegen 0.11/turn               (no ring)
MPRegen 0.09/turn               (no ring)

@: unable to hop, slow
A: amphibious, slowness 1, strong legs 1, +LOS
a: Hop


You were on level 2 of the Dungeon.
You visited 1 branch of the dungeon, and saw 2 of its levels.

You collected 33 gold pieces.

Inventory:

Hand Weapons
 a - a +0 shortbow (weapon)
Armour
 c - a +0 leather armour (worn)
Scrolls
 b - a scroll of immolation
 d - a scroll of vulnerability {unknown}
 f - a scroll of butterflies {unknown}
 g - a scroll of noise {unknown}
 h - 2 scrolls of enchant armour {unknown}
 i - a scroll of magic mapping {unknown}
 j - a scroll of enchant weapon {unknown}
Potions
 e - a potion of brilliance {unknown}


   Skills:
 + Level 3.3 Fighting
 * Level 4.9 Ranged Weapons
 + Level 3.0 Dodging
 - Level 0.8 Stealth


You had 3 spell levels left.
You didn't know any spells.
Your spell library was empty.

Dungeon Overview and Level Annotations

Branches:
Dungeon (2/15)

Altars:

Annotations:
D:2 Natasha, Robin


Innate Abilities, Weirdness & Mutations

You are amphibious.
You cover ground slowly.
You can hop short distances.
You have an extended range of vision and can be seen from far away.


Message History

You shoot an arrow. The arrow hits the goblin.
The goblin is severely wounded.
The goblin closely misses you. The goblin hits you with a +0 club.
Fire: a) +0 shortbow
Press: ? - help, Q - select action, (/) - cycle Shift-Dir - straight line, f/p - Robin
Aim: Robin, wielding a +0 club, wearing a +0 animal skin and wearing a +0 helmet (70% to hit)
You shoot an arrow. The arrow hits the goblin!
You kill the goblin!
The goblin hits you with a +0 club.
Fire: a) +0 shortbow
Press: ? - help, Q - select action, (/) - cycle Shift-Dir - straight line, f/p - Robin
Aim: Robin, wielding a +0 club, wearing a +0 animal skin and wearing a +0 helmet (70% to hit)
You shoot an arrow. The arrow hits Robin.
Robin is lightly wounded.
Robin hits you with a +0 club. The goblin hits you with a +0 club.
* * * LOW HITPOINT WARNING * * *
Fire: a) +0 shortbow
Press: ? - help, Q - select action, (/) - cycle Shift-Dir - straight line, f/p - Robin
Aim: Robin, wielding a +0 club, wearing a +0 animal skin and wearing a +0 helmet (lightly wounded, 70% to hit)
You shoot an arrow. The arrow hits Robin.
Robin is moderately wounded.
Robin hits you with a +0 club.
* * * LOW HITPOINT WARNING * * *
The goblin hits you with a +0 club.
* * * LOW HITPOINT WARNING * * *
The goblin hits you but does no damage.
Hop to where?
Press: ? - help, Dir - move target, p - Robin A goblin comes into view.
It is wielding a +0 dagger.
Boing!
The goblin shouts!
The goblin barely misses you.
Fire: a) +0 shortbow
Press: ? - help, Q - select action, (/) - cycle Shift-Dir - straight line, f - Robin
Aim: Robin, wielding a +0 club, wearing a +0 animal skin and wearing a +0 helmet (moderately wounded, 70% to hit)
You shoot an arrow.
The arrow hits Robin but does no damage.
Robin is moderately wounded.
Robin throws the goblin at you! The goblin hits you with a +0 club.
You die...

...#g.gg. ..# .!...g..###.#
.....gg)..#.# .......#.#.#
.....#.#.# ######.#.#g#g#
.........#g#)# ###
#..........g# #..
#.........@.# #..
#.........g.# #..
#########'#.#######'#######
########'#................
.......[.†.).#####.#######
.............# ........#
........>....# # ##.#.....
.............# #.#.....###
.............###.#........


You could see Robin and 4 goblins.

Vanquished Creatures
  Natasha (D:2)
  2 dart slugs (D:2)
  2 endoplasms (D:1)
  8 goblins
  4 hobgoblins
  3 jackals (D:1)
  A kobold (D:2)
  6 ball pythons
  A bat (D:1)
  8 rats
36 creatures vanquished.

Vanquished Creatures (others)
  4 plants (D:1)
4 creatures vanquished.

Grand Total: 40 creatures vanquished

Notes
Turn   | Place    | Note
-------+----------+-------------------------------------------
     0 | D:1      | fleeber the Barachi Hunter began the quest for the Orb.
     0 | D:1      | Reached XP level 1. HP: 17/17 MP: 1/1
    83 | D:1      | Found a faded altar of an unknown god.
   189 | D:1      | Reached XP level 2. HP: 19/23 MP: 2/2
  1059 | D:2      | Reached XP level 3. HP: 28/28 MP: 3/3
  1089 | D:2      | Noticed Natasha
  1095 | D:2      | Killed Natasha
  1335 | D:2      | Reached XP level 4. HP: 35/35 MP: 4/4
  1347 | D:2      | Noticed Natasha
  1353 | D:2      | Noticed Robin
  1370 | D:2      | Slain by a goblin

Illustrated notes

Levels and vault maps discovered:
D:1:      giann_forest_graveyard, layout_loops_ring, serial_forest,
          infiniplex_forest_end_3, infiniplex_forest_corner_1,
          infiniplex_forest_end_double, infiniplex_forest_lined_3_way,
          infiniplex_forest_clump_tiny, infiniplex_forest_corner_1,
          infiniplex_forest_side_room, shapermc_ecumenical_altar_flowoftime
D:2:      layout_basic, uniq_robin, uniq_natasha

Skill      XL: |  1  2  3  4 |
---------------+-------------+-----
Fighting       | 3 |  3.3
Dodging        | 3 |  3.0
Ranged Weapons | |  4.9
Stealth        | |  0.8

Action                   |  1- 3 |  4- 6 || total
-------------------------+-------+-------++-------
 Fire: Shortbow          |    84 |    18 ||   102
 Abil: Hop               |     1 |     1 ||     2
Armor: Leather armour    |    10 |     6 ||    16
Dodge: Dodged            |    41 |     8 ||    49
